 Dungeon Crawl Stone Soup version 0.28.0-43-g3370ac3207 (webtiles) character file.

Game seed: 9895952367541918155

350 tizbic2 the Chopper (level 6, -5/42 HPs)
             Began as an Octopode Gladiator on Mar 11, 2022.
             Was an Initiate of Okawaru.
             Slain by a vampire (13 damage)
             ... created by the anger of Yredelemnul
             ... on level 4 of the Dungeon on Mar 12, 2022.
             The game lasted 00:15:21 (4100 turns).

tizbic2 the Chopper (Octopode Gladiator)            Turns: 4100, Time: 00:15:22

Health: -5/42      AC:  1    Str: 13    XL:     6   Next: 61%
Magic:  6/6        EV: 12    Int: 11    God:    Okawaru [......]
Gold:   228        SH:  8    Dex: 15    Spells: 4/5 levels left

rFire   . . .      SeeInvis .   a - +0 war axe
rCold   . . .      Faith    +   o - +0 kite shield
rNeg    . . .      Spirit   .   b - +0 hat
rPois   .          Reflect  .   k - amulet of faith
rElec   .          Harm     .   (no ring)
rCorr   .          Rampage  .   (no ring)
Will    .....                   (no ring)
Stlth   ++........              (no ring)
HPRegen 0.14/turn               (no ring)
MPRegen 0.10/turn               (no ring)
                                (no ring)
                                (no ring)

@: no status effects
A: almost no armour, amphibious, 8 rings, camouflage 1, gelatinous body 1,
(nimble swimmer 1), tentacles
a: Renounce Religion


You were on level 4 of the Dungeon.
You worshipped Okawaru.
Okawaru was noncommittal.
You visited 1 branch of the dungeon, and saw 5 of its levels.

You collected 228 gold pieces.

Inventory:

Hand Weapons
 a - a +0 war axe (weapon)
 i - a +0 hand axe
 r - a +0 vorpal morningstar
Missiles
 c - 4 throwing nets
 g - 86 stones
 q - 5 boomerangs (quivered)
 x - 4 poisoned darts
Armour
 b - a +0 hat (worn)
 o - a +0 kite shield (worn)
Jewellery
 k - an amulet of faith (around mantle)
Wands
 m - a wand of iceblast (9)
Scrolls
 e - a scroll of enchant weapon {unknown}
 f - 4 scrolls of identify {unknown}
 l - a scroll of torment {unknown}
 n - a scroll of magic mapping {unknown}
 s - a scroll of blinking {unknown}
 t - a scroll of immolation {unknown}
 w - a scroll of fog {unknown}
Potions
 d - 2 potions of curing {unknown}
 h - a potion of haste {unknown}
 j - 3 potions of degeneration {unknown}
 p - a potion of attraction {unknown}
 u - a potion of cancellation {unknown}
 v - a potion of lignification {unknown}


   Skills:
 + Level 3.2 Fighting
 * Level 4.9 Axes
 + Level 3.5 Throwing
 - Level 3.5 Dodging
 * Level 2.3 Shields


You had 4 spell levels left.
You knew the following spells:

 Your Spells              Type           Power      Damage    Failure   Level
a - Foxfire               Conj/Fire      0%         2x1d4     75%         1

Your spell library contained the following spells:

 Spells                   Type           Power      Damage    Failure   Level
 Conjure Flame            Conj/Fire      0%         6-21      98%         3
 Gell's Gravitas          Tloc           0%         N/A       98%         3
 Inner Flame              Hex/Fire       0%         N/A       98%         3
 Teleport Other           Tloc           0%         N/A       98%         3
 Flame Wave               Conj/Fire      0%         2d4       100%        4
 Dispersal                Tloc           0%         N/A       100%        6


Dungeon Overview and Level Annotations

Branches:
Dungeon (5/15)
 Temple: D:4-7

Altars:
Fedhas
Okawaru
Xom
Yredelemnul


Innate Abilities, Weirdness & Mutations

You cannot wear most types of armour.
You are amphibious.
You can wear up to eight rings at the same time.
Your skin changes colour to match your surroundings (Stealth+).
Your rubbery body absorbs attacks. (AC +1, EV +1)
((You are camouflaged when in or above water. (Stealth+)))
You have tentacles for arms and can constrict up to eight enemies at once.


Message History

You feel less confused.
The orc wizard hits you with a +1 dagger of flaming.
The orc wizard burns you.
You barely miss the orc wizard. Your grab misses the orc wizard.
The orc wizard is severely wounded.
The orc wizard hits you but does no damage.
The orc wizard closely misses you.
You hit the orc wizard but do no damage.
You grab the orc wizard.
The orc wizard is severely wounded.
You constrict the orc wizard.
The orc wizard hits you with a +1 dagger of flaming.
The orc wizard burns you.
You puncture the orc wizard!
You kill the orc wizard!
Okawaru accepts your kill.
There is a stone staircase leading down, spattered with blood here.
Things that are here:
a +1 dagger of flaming; a +0 robe; an orc corpse You start resting.
Yredelemnul sends servants to punish you. 2 vampires come into view.
a - a +0 war axe (weapon)
You throw a boomerang. The boomerang hits the vampire!
The vampire is moderately damaged.
You slash the vampire! You grab the vampire.
The vampire is heavily damaged.
You closely miss the vampire. You constrict the vampire.
You block the vampire's attack. The vampire barely misses you.
The vampire misses you. The vampire bites you.
The vampire draws strength from your injuries!
The vampire hits you. The vampire bites you.
The vampire draws strength from your injuries!
You hit the vampire.
The vampire is heavily damaged.
You hit the vampire but do no damage. You constrict the vampire.
The vampire hits you!
* * * LOW HITPOINT WARNING * * *
You block the vampire's attack. The vampire hits you!
You die...

##..##.....# ##.......
##..####....###
##...... ######...#
#......## ###....
........## #......##
##... #####...##
#.>.....## #### #
##...# ##.......# #
##..## #.......# #
##..## ##VV..### #
##..## #@....# #
##..## ##....## #
##..# #.....## # #..##
#......#### #
##..####........# ##
##..#..........######.
##...................
##.[................
#...........#######


You could see 2 vampires.

Vanquished Creatures
  An ogre (D:4)
  2 hounds
  An orc wizard (D:4)
  An iguana (D:4)
  A gnoll (D:1)
  A howler monkey skeleton (D:4)
  3 worms
  5 dart slugs
  5 orcs (D:3)
  3 ball pythons
  7 endoplasms
  4 giant cockroaches
  6 goblins
  5 hobgoblins
  2 jackals (D:3)
  3 quokkas
  11 bats
  A frilled lizard (D:2)
  7 kobolds
  A quokka skeleton (D:4)
  9 rats
79 creatures vanquished.

Vanquished Creatures (collateral kills)
  A hound (D:4)
  2 endoplasms
  A giant cockroach (D:1)
  5 goblins
9 creatures vanquished.

Vanquished Creatures (others)
  3 bat zombies
  A giant cockroach zombie (D:1)
  An orc zombie (D:3)
  A rat zombie (D:2)
  A spectral endoplasm (D:3)
7 creatures vanquished.

Grand Total: 95 creatures vanquished

Notes
Turn   | Place    | Note
-------+----------+-------------------------------------------
     0 | D:1      | tizbic2 the Octopode Gladiator began the quest for the Orb.
     0 | D:1      | Reached XP level 1. HP: 14/14 MP: 1/1
   387 | D:1      | Reached XP level 2. HP: 19/19 MP: 2/2
   448 | D:1      | Found a faded altar of an unknown god.
   458 | D:1      | Prayed at the altar of an unknown god.
   458 | D:1      | Became a worshipper of Yredelemnul the Dark
   458 | D:1      | Reached * piety under Yredelemnul
   488 | D:1      | Reached XP level 3. HP: 22/24 MP: 3/3
   748 | D:1      | Reached ** piety under Yredelemnul
  1403 | D:2      | Reached XP level 4. HP: 22/30 MP: 4/4
  1440 | D:2      | Found a shimmering altar of Xom.
  2057 | D:3      | Reached skill level 4 in Axes
  2057 | D:3      | Reached XP level 5. HP: 27/35 MP: 5/5
  2366 | D:3      | You fall into a shaft and drop 2 floors!
  2366 | D:5      | Entered Level 5 of the Dungeon
  2434 | D:4      | Learned a level 1 spell: Foxfire
  2496 | D:4      | Found a blossoming altar of Fedhas.
  2670 | D:4      | Reached skill level 1 in Shields
  2999 | D:3      | Found an iron altar of Okawaru.
  3060 | D:3      | Reached XP level 6. HP: 36/42 MP: 6/6
  3079 | D:3      | Fell from the grace of Yredelemnul
  3079 | D:3      | Became a worshipper of Warmaster Okawaru
  4093 | D:4      | Noticed a vampire
  4093 | D:4      | Noticed a vampire
  4100 | D:4      | Slain by a vampire

Illustrated notes

Levels and vault maps discovered:
D:1:      nagdon_arrival_zigzag_paths, layout_loops_corners,
          hellmonk_ecumenical_altar_crossroads
D:2:      layout_rooms, basic_altar, grunt_ministairs_2,
          minmay_misc_feat_four_crosses, feat_on_display
D:3:      layout_loops_ring, kennysheep_okawaru_gauntlet,
          kennysheep_generic_room_2
D:4:      layout_cave_pods, lemuel_round_altar
D:5:      layout_basic, tgw_xom

Skill      XL: |  1  2  3  4  5  6 |
---------------+-------------------+-----
Throwing       | 3 |  3.5
Axes           | 4 |  4.9
Shields        | 1 2 |  2.3
Fighting       | 3 |  3.2
Dodging        | |  3.5

Action                   |  1- 3 |  4- 6 || total
-------------------------+-------+-------++-------
Melee: War axe           |    47 |     2 ||    49
       Constrict         |    12 |    24 ||    36
       Punch             |     1 |     1 ||     2
       Hand axe          |    12 |    64 ||    76
       Tentacles         |     7 |    13 ||    20
       Morningstar       |       |    11 ||    11
Throw: Stone             |       |     8 ||     8
       Boomerang         |       |    28 ||    28
Invok: Recall Undead Har |       |     2 ||     2
  Use: Scroll            |     1 |       ||     1
 Stab: Sleeping          |    11 |     5 ||    16
Armor: Skin              |       |     4 ||     4
Dodge: Dodged            |    51 |    70 ||   121
Block: Kite shield       |       |    18 ||    18
